 Dungeon Crawl Stone Soup version 0.26-a0-642-g67e99244d3 (webtiles) character file.

Game seed: 10139764940467902429

184 Gottschkopf the Skirmisher (level 5, -2/52 HPs)
             Began as a Minotaur Fighter on Sept 23, 2020.
             Slain by a quokka (3 damage)
             ... summoned by Eustachio
             ... on level 4 of the Dungeon.
             The game lasted 00:03:19 (2547 turns).

Gottschkopf the Skirmisher (Minotaur Fighter)       Turns: 2547, Time: 00:03:20

Health: -2/52      AC:  6    Str: 22    XL:     5   Next: 36%
Magic:  4/4        EV:  7    Int:  5    God:
Gold:   214        SH:  9    Dex:  9    Spells: 4/4 levels left

rFire    . . .     SeeInvis .   w - +0 rapier (flame)
rCold    . . .     Faith    .   c - +0 kite shield
rNeg     . . .     Spirit   .   b - +0 scale mail
rPois    .         Reflect  .   (helmet restricted)
rElec    .         Harm     .   (no cloak)
rCorr    .         Rampage  .   (no gloves)
MR       .....                  (no boots)
Stlth    ..........             (no amulet)
HPRegen  0.17/turn              (no ring)
MPRegen  0.09/turn              (no ring)

@: no status effects
A: retaliatory headbutt, horns 2
a: no special abilities


You were on level 4 of the Dungeon.
You visited 1 branch of the dungeon, and saw 4 of its levels.

You collected 214 gold pieces.

Inventory:

Hand Weapons
 a - a +0 flail
 w - a +0 rapier of flaming (weapon)
Armour
 b - a +0 scale mail (worn)
 c - a +0 kite shield (worn)
Wands
 q - a wand of polymorph (4)
Scrolls
 f - 6 scrolls of identify {unknown}
 h - 2 scrolls of blinking {unknown}
 i - 4 scrolls of teleportation {unknown}
 l - 3 scrolls of amnesia {unknown}
 n - a scroll of magic mapping {unknown}
 o - 2 scrolls of enchant armour {unknown}
 p - a scroll of fear {unknown}
 r - 3 scrolls of noise {unknown}
 s - 3 scrolls of remove curse {unknown}
 v - a scroll of enchant weapon {unknown}
Potions
 d - 2 potions of might
 e - a potion of brilliance {unknown}
 g - 2 potions of flight {unknown}
 j - a potion of resistance {unknown}
 k - a potion of degeneration {unknown}
 m - a potion of mutation {unknown}
 t - a potion of magic {unknown}
 u - a potion of curing {unknown}


   Skills:
 + Level 7.4 Fighting
 - Level 2.4 Maces & Flails
 - Level 3.6 Armour
 - Level 3.6 Shields


You had 4 spell levels left.
You didn't know any spells.
Your spell library was empty.

Dungeon Overview and Level Annotations

Branches:
Dungeon (4/15)
 Temple: D:4-7

Altars:
Vehumet

Annotations:
D:4 Eustachio


Innate Abilities, Weirdness & Mutations

You reflexively headbutt those who attack you in melee.
You have a pair of horns on your head.


Message History

Eustachio says, "Summoning is fun!"
Eustachio hits you but does no damage.
The quokka bites you but does no damage.
You block the rat's attack.
You hit Eustachio but do no damage.
Eustachio is severely wounded.
The quokka closely misses you.
Eustachio casts a spell.
You block the quokka's attack. x2; The rat barely misses you.
You furiously retaliate!
You headbutt the rat!
You kill the rat!
The rat's corpse disappears in a puff of smoke!
Eustachio hits you with a +0 rapier.
* * * LOW HITPOINT WARNING * * *
You hit Eustachio but do no damage.
Eustachio is severely wounded.
The quokka bites you.
* * * LOW HITPOINT WARNING * * *
The quokka bites you.
You die...

####... .......
.......#################
........#....##....#....
........#..........#....
......5.#..........)....
......rr#.........†#....
.....§@@5..........#....
.....5.##....##....#....
....... #....##....#....
..##... #....#######....
. #+####....#..........
#.....#.........[
#.....#..........
#.....'......###'
#######......#...


You could see Eustachio, a crimson imp (summoned), 2 ufetubi and 2 quokkas.

Vanquished Creatures
  Terence (D:3)
  4 gnolls
  An adder (D:2)
  2 oozes
  4 worms
  4 leopard geckos
  5 orcs (D:3)
  3 giant cockroaches
  6 goblins
  4 hobgoblins
  11 jackals
  A quokka (D:2)
  4 bats
  6 frilled lizards
  8 kobolds
  A quokka skeleton (D:2)
  18 rats
83 creatures vanquished.

Notes
Turn   | Place    | Note
-------+----------+-------------------------------------------
     0 | D:1      | Gottschkopf the Minotaur Fighter began the quest for the
                  | Orb.
     0 | D:1      | Reached XP level 1. HP: 19/19 MP: 0/0
    42 | D:1      | Reached skill level 4 in Fighting
   153 | D:1      | Reached XP level 2. HP: 28/28 MP: 1/1
   185 | D:1      | Reached skill level 5 in Fighting
   220 | D:1      | Reached XP level 3. HP: 36/36 MP: 2/2
   760 | D:2      | Found a faded altar of an unknown god.
   768 | D:2      | Became a worshipper of Vehumet
   768 | D:2      | Reached * piety under Vehumet
   768 | D:2      | Offered knowledge of Freeze by Vehumet.
   769 | D:2      | Fell from the grace of Vehumet
  1236 | D:2      | Reached skill level 6 in Fighting
  1236 | D:2      | Reached XP level 4. HP: 41/44 MP: 3/3
  1554 | D:3      | Noticed Terence
  1573 | D:3      | Killed Terence
  1618 | D:3      | You fall into a shaft and drop 1 floor!
  1859 | D:3      | Reached XP level 5. HP: 39/51 MP: 4/4
  2001 | D:3      | Reached skill level 7 in Fighting
  2527 | D:4      | Noticed Eustachio
  2547 | D:4      | HP: 1/52 [quokka[Eustachio] (4)]
  2547 | D:4      | Slain by a quokka

Illustrated notes

Levels and vault maps discovered:
D:1:      scummos_arrival_forest, layout_loops_ring
D:2:      layout_basic, chequers_ecumenical_altar_simple
D:3:      layout_loops_cross, uniq_terence
D:4:      layout_gridville, uniq_eustachio

Skill      XL: |  1  2  3  4  5 |
---------------+----------------+-----
Fighting       | 4 5 6 7 |  7.4
Maces & Flails | |  2.4
Armour         | |  3.6
Shields        | |  3.6

Action                   |  1- 3 |  4- 6 || total
-------------------------+-------+-------++-------
Melee: Flail             |    93 |   109 ||   202
       Headbutt          |    16 |    27 ||    43
       Rapier            |       |    18 ||    18
Invok: Renounce Religion |     1 |       ||     1
Armor: Scale mail        |    43 |    55 ||    98
       Skin              |       |     5 ||     5
Dodge: Dodged            |    25 |    43 ||    68
Block: Kite shield       |    40 |    86 ||   126

Table legend: (Time is in decaauts)
 A = Elapsed time spent in this place.
 B = Non-inter-level travel time spent in this place.
 C = Inter-level travel time spent in this place.
 D = Time resting spent in this place.
 E = Time spent auto-exploring this place.
 F = Levels seen in this place.
 G = Mean time per level.
                   A        B        C        D        E       F      G
               +--------+--------+--------+--------+--------+-----+--------+
         Total |   2632 |   2598 |     34 |      9 |   2043 |   4 |  658.0 |
       Dungeon |   2632 |   2598 |     34 |      9 |   2043 |   4 |  658.0 |
               +--------+--------+--------+--------+--------+-----+--------+

Top non-repeatable levels by time:
     D:3: 817 daAuts
     D:2: 814 daAuts
     D:1: 742 daAuts
     D:4: 259 daAuts
